 Dungeon Crawl Stone Soup version 0.29-a0-334-gb41bcbb86e (webtiles) character file.

Game seed: 9406699307458802387

5233 dracfodder the Quickloader (level 10, -9/88 HPs)
             Began as a Minotaur Hunter on Apr 14, 2022.
             Was an Elder of Fedhas.
             Mangled by a sixfirhy (10 damage)
             ... on level 2 of the Abyss.
             The game lasted 00:31:24 (8317 turns).

dracfodder the Quickloader (Minotaur Hunter)        Turns: 8317, Time: 00:31:24

Health: -9/88      AC: 20    Str: 17    XL:     10   Next: 35%
Magic:  9/9        EV:  8    Int:  8    God:    Fedhas [****..]
Gold:   439        SH:  0    Dex: 13    Spells: 9/9 levels left

rFire   + . .      SeeInvis +   b - +4 battleaxe (drain)
rCold   . . .      Faith    .   (shield currently unavailable)
rNeg    + + +      Spirit   .   h - +2 chain mail {rPois}
rPois   +          Reflect  .   v - +1 hat of Ovviaf {rN+ Will- Slay+5}
rElec   .          Harm     .   x - +0 cloak
rCorr   .          Rampage  .   g - +3 pair of gloves of the Morning {rF+ rN+ Will+ Dex-4 SInv}
Will    .....      Clarity  +   C - +1 pair of boots
Stlth   ..........              (no amulet)
HPRegen 0.24/turn               j - ring of positive energy
MPRegen 0.11/turn               q - ring of flight

@: flying
A: horns 2, retaliatory headbutt, clarity, clever 1
a: Renounce Religion, Wall of Briars, Grow Ballistomycete, Overgrow


You were on level 2 of the Abyss.
You worshipped Fedhas.
Fedhas was greatly pleased with you.
You visited 1 branch of the dungeon, and saw 9 of its levels.
You visited the Abyss 1 time.
You also visited: Sewer and Ossuary.

You collected 479 gold pieces.
You spent 40 gold pieces at shops.

Inventory:

Hand Weapons
 a - a +5 arbalest of flaming
 b - a +4 battleaxe of draining (weapon)
 y - a +1 hand axe of freezing
 D - the +0 war axe of Generosity {protect, rElec rF+ rC- Dex+10}
   (You found it on level 8 of the Dungeon)

   It grants its wielder temporary protection when it strikes (+7 to AC).
   Dex:       It affects your dexterity (+10).
   rF:        It protects you from fire.
   rC:        It makes you vulnerable to cold.
   rElec:     It insulates you from electricity.
Armour
 g - the +3 pair of gloves of the Morning (worn) {rF+ rN+ Will+ Dex-4 SInv}
   (You found it on level 5 of the Dungeon)

   Dex:       It affects your dexterity (-4).
   rF:        It protects you from fire.
   rN:        It protects you from negative energy.
   SInv:      It lets you see invisible.
   Will:      It increases your willpower.
 h - a +2 chain mail of poison resistance (worn)
 v - the +1 hat of Ovviaf (worn) {rN+ Will- Slay+5}
   (You found it on level 8 of the Dungeon)

   Slay:      It affects your accuracy & damage with ranged weapons and melee
   (+5).
   rN:        It protects you from negative energy.
   Will:      It decreases your willpower.
 x - a +0 cloak (worn)
 C - a +1 pair of boots (worn)
Jewellery
 i - a ring of protection from fire
 j - a ring of positive energy (left hand)
 q - a ring of flight (right hand)
Wands
 n - a wand of mindburst (8)
 p - a wand of flame (57)
 t - a wand of paralysis (3)
 G - a wand of acid (6)
Scrolls
 c - a scroll of immolation
 d - 11 scrolls of fog
 e - a scroll of identify
 l - 3 scrolls of teleportation
 r - 3 scrolls of fear
 B - a scroll of amnesia
 E - a scroll of brand weapon
 I - a scroll of blinking
 J - a scroll of enchant weapon
Potions
 f - a potion of invisibility
 k - 4 potions of haste
 m - 2 potions of heal wounds
 o - 3 potions of brilliance
 s - 4 potions of cancellation
 u - 2 potions of might {unknown}
 w - 2 potions of curing
 z - 3 potions of resistance
 A - 4 potions of lignification {unknown}
 F - 2 potions of berserk rage {unknown}
 H - a potion of attraction {unknown}


   Skills:
 + Level 7.9 Fighting
 * Level 6.8 Axes
 * Level 13.3 Crossbows
 + Level 5.8 Armour
 + Level 2.6 Dodging
 + Level 1.7 Stealth


You had 9 spell levels left.
You didn't know any spells.
Your spell library contained the following spells:

 Spells                   Type           Power      Damage    Failure   Level
 Call Canine Familiar     Summ           0%         N/A       100%        3
 Portal Projectile        Hex/Tloc       0%         N/A       100%        3
 Leda's Liquefaction      Hex/Erth       0%         N/A       100%        4
 Petrify                  Tmut/Erth      0%         N/A       100%        4
 Fireball                 Conj/Fire      0%         3d3       100%        5
 Iskenderun's Battlesphe  Conj           0%         2d6       100%        5
 Metabolic Englaciation   Hex/Ice        0%         N/A       100%        5
 Conjure Ball Lightning   Conj/Air       0%         3x3d6     100%        6
 Statue Form              Tmut/Erth      0%         N/A       100%        6
 Orb of Destruction       Conj           0%         9d5       100%        7


Dungeon Overview and Level Annotations

Branches:
Dungeon (9/15)             Temple (0/1) D:6           Sewer (visited)
Ossuary (visited)
   Lair: D:8-11         Orc: D:9-12

Altars:
Cheibriados
Fedhas
Wu Jian

Shops:
D:2 ?*

Annotations:
D:9 1 transporter, Erolcha


Innate Abilities, Weirdness & Mutations

You have a pair of horns on your head.
You reflexively headbutt those who attack you in melee.
You possess an exceptional clarity of mind.
Your mind is acute. (Int +2)


Message History

The thrashing horror tramples you but does no damage.
You slash the thrashing horror! You headbutt the thrashing horror!
The thrashing horror is moderately damaged.
The thrashing horror tramples you!
* * * LOW HITPOINT WARNING * * *
You are shoved backwards!
You closely miss the thrashing horror.
You headbutt the thrashing horror, but do no damage.
The thrashing horror is moderately damaged.
The thrashing horror tramples you.
* * * LOW HITPOINT WARNING * * *
You hold your ground!
The thrashing horror tramples you but does no damage.
The thrashing horror barely misses you. You furiously retaliate!
You headbutt the thrashing horror, but do no damage.
The thrashing horror tramples you but does no damage.
A shadow imp comes into view.
The shadow imp shouts!
The sixfirhy hits you but does no damage.
The thrashing horror tramples you!
* * * LOW HITPOINT WARNING * * *
You are shoved backwards!
You barely miss the thrashing horror.
The thrashing horror is moderately damaged.
The thrashing horror completely misses you.
The thrashing horror tramples you but does no damage.
The thrashing horror tramples you.
* * * LOW HITPOINT WARNING * * *
You hold your ground!
The thrashing horror tramples you but does no damage.
The thrashing horror tramples you but does no damage. x2
The thrashing horror roars!
The thrashing horror misses you. The thrashing horror barely misses you.
The sixfirhy hits you but does no damage.
You hit the sixfirhy but do no damage. You hit the shadow imp.
The sixfirhy hits you.
* * * LOW HITPOINT WARNING * * *
The sixfirhy shocks you!
You die...
Fedhas appreciates your contribution to the ecosystem.

## # #.#.# . # #
#...# .. . .##
.#.#.# .
#...###.#..##. .
.#........# .. .
#.# .#.#...#.###
. # #.#3......# #
.......#.@..### .
#.##..###5##.....
#.. ..X.. ##. ...
#.#.... ##.#
....#.#.. #. ##.
.#...# # #. #.
... .# # ..


You could see a thrashing horror, a sixfirhy and a shadow imp.

Vanquished Creatures
  A two-headed ogre (D:8)
  A worldbinder (Abyss:2)
  A smoke demon (Abyss:2)
  An ancient zyme (Abyss:2)
  A hornet (D:8)
  A large abomination (Abyss:2)
  A wraith (D:8)
  2 wyverns
  5 yaks (D:8)
  An acid dragon (D:7)
  A water moccasin (D:5)
  3 black bears
  An orc warrior (D:6)
  A sky beast (D:5)
  An ogre (D:7)
  2 centaurs
  3 kobold brigands
  2 necrophages
  A bullfrog (D:8)
  2 gnoll sergeants
  3 water moccasin zombies (Ossuary)
  A scorpion (D:7)
  4 wights (D:6)
  15 killer bees
  2 hounds
  2 jellies
  2 iguanas (D:6)
  7 orc wizards
  2 mummies (Ossuary)
  Robin (D:2)
  9 gnolls
  10 adders
  3 white imps
  7 adder zombies (Ossuary)
  A worm (D:3)
  2 dart slugs
  20 orcs
  7 endoplasms
  7 giant cockroaches
  22 goblins
  12 hobgoblins
  13 jackals
  5 quokkas
  8 ball pythons
  6 frilled lizards
  4 gnoll zombies (Ossuary)
  4 hobgoblin zombies (Ossuary)
  17 kobolds
  3 kobold zombies (Ossuary)
  7 orc zombies (Ossuary)
  9 rats
247 creatures vanquished.

Vanquished Creatures (others)
  An orc wizard (D:6)
  2 fungi (D:3)
  A plant (D:3)
4 creatures vanquished.

Grand Total: 251 creatures vanquished

Notes
Turn   | Place    | Note
-------+----------+-------------------------------------------
     0 | D:1      | dracfodder the Minotaur Hunter began the quest for the Orb.
     0 | D:1      | Reached XP level 1. HP: 18/18 MP: 0/0
   255 | D:1      | Reached XP level 2. HP: 25/25 MP: 1/1
   473 | D:1      | Reached skill level 5 in Crossbows
   547 | D:1      | Found a faded altar of an unknown god.
   606 | D:1      | Reached XP level 3. HP: 30/30 MP: 2/2
   885 | D:2      | Found Leankium's Magic Scroll Emporium.
   889 | D:2      | Bought a scroll of identify for 20 gold pieces
   889 | D:2      | Bought a scroll of fog for 20 gold pieces
   889 | D:2      | Identified a scroll of acquirement
   889 | D:2      | Acquired a +3 arbalest of flaming
  1096 | D:2      | Reached skill level 6 in Crossbows
  1100 | D:2      | Reached XP level 4. HP: 37/37 MP: 3/3
  1102 | D:2      | Found Jull's Assorted Antiques.
  1693 | D:3      | Noticed Robin
  1703 | D:2      | Killed Robin
  1915 | D:2      | Reached skill level 1 in Armour
  2202 | D:3      | Found a blossoming altar of Fedhas.
  2251 | D:3      | Became a worshipper of Fedhas Madash
  2319 | D:3      | Reached XP level 5. HP: 45/45 MP: 4/4
  2936 | D:4      | Reached skill level 7 in Crossbows
  2936 | D:4      | Reached XP level 6. HP: 51/51 MP: 5/5
  3281 | D:5      | Entered Level 5 of the Dungeon
  3330 | D:5      | Noticed a sky beast
  3332 | D:5      | Noticed a water moccasin
  3334 | D:5      | Killed a sky beast
  3334 | D:5      | Reached * piety under Fedhas
  3339 | D:5      | Killed a water moccasin
  3340 | D:5      | Reached skill level 8 in Crossbows
  3340 | D:5      | Reached skill level 1 in Stealth
  3361 | D:5      | Reached XP level 7. HP: 28/59 MP: 6/6
  3576 | D:5      | Identified the +3 pair of gloves of the Morning {rF+ rN+
                  | Will+ Dex-4 SInv}
  3773 | D:5      | Found a glowing drain.
  3777 | Sewer    | Entered a sewer
  3902 | Sewer    | Found a white marble altar of Elyvilon.
  4118 | D:5      | Found a snail-covered altar of Cheibriados.
  4391 | D:6      | Reached skill level 1 in Axes
  4391 | D:6      | Reached skill level 9 in Crossbows
  4531 | D:6      | Reached ** piety under Fedhas
  4537 | D:6      | Reached XP level 8. HP: 53/67 MP: 7/7
  4597 | D:6      | Found a staircase to the Ecumenical Temple.
  4682 | D:6      | Found an ornate altar of the Wu Jian Council.
  4863 | D:6      | Reached skill level 10 in Crossbows
  5182 | D:7      | Identified the +0 robe of the Game of Kings {Int+2}
  5262 | D:7      | Reached skill level 5 in Fighting
  5271 | D:7      | Reached skill level 11 in Crossbows
  5586 | D:7      | Reached skill level 5 in Armour
  5728 | D:7      | Reached XP level 9. HP: 67/74 MP: 8/8
  5876 | D:7      | Reached *** piety under Fedhas
  6253 | D:8      | Identified the +0 war axe of Generosity {protect, rElec rF+
                  | rC- Dex+10}
  6292 | D:8      | Found a sand-covered staircase.
  6302 | Ossuary  | Entered an ossuary
  6379 | Ossuary  | Reached **** piety under Fedhas
  6545 | D:8      | Reached skill level 12 in Crossbows
  6569 | D:8      | Reached skill level 5 in Axes
  6920 | D:8      | Gained mutation: You are frail. (-10% HP) [potion of
                  | mutation]
  6920 | D:8      | Gained mutation: You are weak. (Str -2) [potion of
                  | mutation]
  6920 | D:8      | Gained mutation: You are somewhat resistant to further
                  | mutation. [potion of mutation]
  6921 | D:8      | Lost mutation: You are weak. (Str -2) [potion of mutation]
  6921 | D:8      | Lost mutation: You are somewhat resistant to further
                  | mutation. [potion of mutation]
  6921 | D:8      | Lost mutation: You are frail. (-10% HP) [potion of
                  | mutation]
  6921 | D:8      | Gained mutation: Your mind is acute. (Int +2) [potion of
                  | mutation]
  6921 | D:8      | Gained mutation: You possess an exceptional clarity of
                  | mind. [potion of mutation]
  7278 | D:8      | Identified the +1 hat of Ovviaf {rN+ Will- Slay+5}
  7509 | D:9      | Noticed a two-headed ogre
  7517 | D:8      | Reached XP level 10. HP: 52/86 MP: 9/9
  7665 | D:8      | Reached skill level 13 in Crossbows
  7817 | D:8      | Killed a two-headed ogre
  8088 | D:9      | Noticed a skeletal warrior
  8118 | D:9      | Found a transporter.
  8121 | D:9      | Noticed a deep elf pyromancer
  8124 | D:9      | Noticed Erolcha
  8125 | D:9      | Cast into level 2 of the Abyss (Erolcha)
  8154 | Abyss:2  | Noticed a smoke demon
  8163 | Abyss:2  | Killed a smoke demon
  8271 | Abyss:2  | Noticed a worldbinder
  8274 | Abyss:2  | Noticed a deep elf pyromancer
  8274 | Abyss:2  | Noticed a deep elf pyromancer
  8276 | Abyss:2  | Killed a worldbinder
  8308 | Abyss:2  | Noticed a thrashing horror
  8310 | Abyss:2  | Noticed a sixfirhy
  8314 | Abyss:2  | HP: 4/88 [thrashing horror (6)]
  8317 | Abyss:2  | HP: 1/88 [sixfirhy (3)]
  8317 | Abyss:2  | Mangled by a sixfirhy

Illustrated notes

Levels and vault maps discovered:
D:1:      dpeg_arrival_rhombi, layout_basic, ebering_ecumenical_altar_abandoned
D:2:      layout_loops_corners, serial_shops, nicolae_shop_trees, shop
D:3:      layout_rooms, fedhas_altar_3, uniq_robin
D:4:      layout_gridville, grunt_decor_fettered, amcnicky_mini_corridor_feature
D:5:      layout_basic, mainiacjoe_overflow_tiny_flanked, gup_sewer_entry_bowl
D:6:      minmay_polygon_palace, layout_rooms,
          nicolae_wu_jian_immortal_techniques, minmay_temple_entry_large_hall,
          serial_curves, eino_curves_02, eino_curves_02
D:7:      layout_basic
D:8:      layout_cave_pods, serial_glass, glass_columns_a, glass_columns_a,
          nicolae_ossuary_entry_ruins
D:9:      layout_rooms, lair_entry_dummy, gammafunk_ghost_arena, uniq_erolcha
Abyss:2:  base: D:7, minivault_28

Skill      XL: |  1  2  3  4  5  6  7  8  9 10 |
---------------+-------------------------------+-----
Crossbows      | 5 6 7 8 9 11 12 13 | 13.3
Fighting       | 3 4 5 7 |  7.9
Armour         | 1 2 3 5 |  5.8
Stealth        | 1 |  1.7
Axes           | 1 3 5 6 |  6.8
Dodging        | |  2.6

Action                   |  1- 3 |  4- 6 |  7- 9 | 10-12 || total
-------------------------+-------+-------+-------+-------++-------
Melee: Battleaxe         |       |       |    19 |    32 ||    51
       Headbutt          |       |       |     2 |     9 ||    11
       Arbalest          |       |       |     1 |       ||     1
 Fire: Hand crossbow     |    71 |       |       |       ||    71
       Arbalest          |    10 |   135 |   249 |    11 ||   405
  Use: Scroll            |     1 |     8 |    10 |       ||    19
       Potion            |       |     1 |     4 |       ||     5
Armor: Leather armour    |     2 |    12 |       |       ||    14
       Chain mail        |       |    16 |   149 |    50 ||   215
Dodge: Dodged            |    14 |    51 |   109 |    51 ||   225

Table legend: (Time is in decaauts)
 A = Elapsed time spent in this place.
 B = Non-inter-level travel time spent in this place.
 C = Inter-level travel time spent in this place.
 D = Time resting spent in this place.
 E = Time spent auto-exploring this place.
 F = Levels seen in this place.
 G = Mean time per level.
                   A        B        C        D        E       F      G
               +--------+--------+--------+--------+--------+-----+--------+
         Total |   8627 |   8409 |    218 |   1244 |   5336 |  12 |  718.9 |
       Dungeon |   8011 |   7793 |    218 |   1163 |   5113 |   9 |  890.1 |
         Abyss |    201 |    201 |      0 |     81 |     73 |   1 |  201.0 |
         Sewer |    234 |    234 |      0 |      0 |     79 |   1 |  234.0 |
       Ossuary |    179 |    179 |      0 |      0 |     71 |   1 |  179.0 |
               +--------+--------+--------+--------+--------+-----+--------+

Top non-repeatable levels by time:
     D:8: 1735 daAuts
     D:2: 1168 daAuts
     D:7: 1051 daAuts
     D:5: 877 daAuts
     D:6: 833 daAuts
     D:1: 800 daAuts
     D:4: 744 daAuts
     D:3: 676 daAuts
   Sewer: 234 daAuts
 Abyss:2: 201 daAuts
 Ossuary: 179 daAuts
     D:9: 124 daAuts
